 Dungeon Crawl Stone Soup version 0.30-a0-702-gdf48620a09 (webtiles) character file.

Game seed: 17329429305855420532

1 Leeroy the Firebug (level 1, 19/19 HPs)
             Began as a Meteoran Cinder Acolyte on Sept 21, 2022.
             Was a High Priest of Ignis.
             Got out of the dungeon alive.
             The game lasted 00:00:25 (102 turns).

Leeroy the Firebug (Meteoran Cinder Acolyte)         Turns: 102, Time: 00:00:26

Health: 19/19      AC:  2    Str: 15    XL:     1   Next: 28%
Magic:  3/3        EV: 11    Int: 15    God:    Ignis [*****.]
Gold:   0          SH:  0    Dex:  9    Spells: 2/2 levels left

rFire   + . .      SeeInvis .    a - -1 falchion (flame)
rCold   . . .      Faith    .    (no shield)
rNeg    . . .      Spirit   .    b - +0 robe
rPois   .          Reflect  .    (no helmet)
rElec   .          Harm     .    (no cloak)
rCorr   .          Rampage  .    (no gloves)
Will    .....                    (no boots)
Stlth   +                        (no amulet)
HPRegen 0.23/turn                (no ring)
MPRegen 0.08/turn                (no ring)

@: glowing
A: sense surroundings 1, otherworldly, glowing, explore regen
a: Renounce Religion, Fiery Armour, Foxfire Swarm, Rising Flame


You escaped.
You worshipped Ignis.
Ignis was extremely pleased with you.
You visited 1 branch of the dungeon, and saw 1 of its levels.

Inventory:

Hand Weapons
 a - a -1 falchion of flaming (weapon)
Armour
 b - a +0 robe (worn)


   Skills:
 + Level 3.4 Fighting
 + Level 3.6 Long Blades
 + Level 1.3 Spellcasting
 + Level 3.6 Fire Magic


You had 2 spell levels left.
You didn't know any spells.
Your spell library contained the following spells:

 Spells                   Type           Power      Damage    Failure   Level
 Scorch                   Fire           22%        2d6       9%          2


Dungeon Overview and Level Annotations

Branches:
Dungeon (1/15) Zot: 497

Altars:


Innate Abilities, Weirdness & Mutations

You passively map a small area around you.
You are easily found by Zot.
You glow in the dark.
You regain HP and MP as you explore.


Message History

Welcome, Leeroy the Meteoran Cinder Acolyte.
Are you destined to find the marvelous Orb of Zot, or to die trying?
The flames of Ignis gently warm you.
Press ? for a list of commands and other information.
Found a staircase leading out of the dungeon.
The water moccasin hisses angrily.
The rime drake hisses angrily.
The wolf howls!
The komodo dragon hisses angrily.
Found a robe.
A goblin comes into view. It is wielding a +0 club.
The goblin shouts!
A goblin is nearby!
Unknown command.
The goblin completely misses you.
You completely miss the goblin. The goblin hits you with a +0 club.
You barely miss the goblin. The goblin completely misses you.
You barely miss the goblin. The goblin misses you.
You hit the goblin. You burn the goblin.
You kill the goblin!
Things that are here:
a +0 club; a goblin corpse HP restored.
Save game and exit?
Welcome back, Leeroy the Meteoran Cinder Acolyte.
The flames of Ignis gently warm you.
Press ? for a list of commands and other information.
Unknown command.
Found 4 gold pieces.
Things that are here:
a +0 club; a goblin corpse The wolf howls!
The komodo dragon hisses angrily.
The water moccasin hisses angrily.
You hear an angry hiss.
The rime drake hisses angrily.
There is a staircase leading out of the dungeon here.
Are you sure you want to leave the Dungeon?
This will make you lose the game!
Alright, then stay!
Are you sure you want to leave the Dungeon?
This will make you lose the game!
You have escaped!

* ..... ##.8.8[*
#....., * #8...
### ##..###..#@#
#...#h#..#.#
#####8..#l#..#.#
#.......#s#..#.#
###.###8..#S#..#.#
#...# #...#k#..#.#
..### ##..###..#.#
.## #8........# .#
#.........#


There were no monsters in sight!

Vanquished Creatures
  A goblin (D:1)
1 creature vanquished.

Notes
Turn   | Place    | Note
-------+----------+-------------------------------------------
     0 | D:1      | Leeroy the Meteoran Cinder Acolyte began the quest for the
                  | Orb.
     0 | D:1      | Reached XP level 1. HP: 19/19 MP: 3/3
     6 | D:1      | Noticed a scorpion
     6 | D:1      | Noticed a water moccasin
     6 | D:1      | Noticed a rime drake
     7 | D:1      | Noticed a wolf
     7 | D:1      | Noticed a komodo dragon
    66 | D:1      | Upgraded the game from 0.30-a0-137-gd8773701ce to
                  | 0.30-a0-702-gdf48620a09
   102 | D:$      | Got out of the dungeon alive.

Illustrated notes

Levels and vault maps discovered:
D:1:      onia_arrival_zoo_common, layout_rooms, minmay_stone_trees_medium

Action                   || total
-------------------------++-------
Melee: Falchion          ||     4
Dodge: Dodged            ||     3

Table legend: (Time is in decaauts)
 A = Elapsed time spent in this place.
 B = Non-inter-level travel time spent in this place.
 C = Inter-level travel time spent in this place.
 D = Time resting spent in this place.
 E = Time spent auto-exploring this place.
 F = Levels seen in this place.
 G = Mean time per level.
                   A        B        C        D        E       F      G
               +--------+--------+--------+--------+--------+-----+--------+
         Total |    102 |     67 |     35 |      0 |     26 |   1 |  102.0 |
       Dungeon |    102 |     67 |     35 |      0 |     26 |   1 |  102.0 |
               +--------+--------+--------+--------+--------+-----+--------+

Top non-repeatable levels by time:
     D:1: 102 daAuts
